 Dungeon Crawl Stone Soup version 0.31.0-32-g396128a36d (webtiles) character file.

Game seed: 1161334613422342936

5441 Tripartite the Grappler (level 10, -9/124 HPs)
             Began as a Merfolk Berserker on Mar 14, 2024.
             Was an Elder of Trog.
             Mangled by a tengu warrior (illusionary)
             ... wielding a +1 dire flail
              (16 damage)
             ... on level 8 of the Dungeon.
             The game lasted 00:22:00 (11494 turns).

Tripartite the Grappler (Merfolk Berserker)        Turns: 11494, Time: 00:22:01

Health: -9/124     AC:  6    Str: 21    XL:     10   Next: 68%
Magic:  10/10      EV: 20    Int:  7    God:    Trog [****..]
Gold:   134        SH:  0    Dex: 14    Spells: 9/9 levels left

rFire   . .          .
                       - Unarmed
rCold   . . .        (shield currently unavailable)
rNeg    . . .        n - melded +2 robe {rN+}
rPois   .            (no helmet)
rElec   .            g - +0 cloak
rCorr   .            (no gloves)
SInv    .            H - +0 pair of boots
Will    .....        (no amulet) Stlth
                     p - +4 ring of protection
HPRegen 0.40/turn    (no ring)
MPRegen 0.12/turn

%: no passive effects
@: berserking (expiring), flux-form, glowing, very quick
A: glow, contaminating, (nimble swimmer 2), mertail
a: Begin Untransformation, Renounce Religion, Berserk, Trog's Hand, Brothers in
Arms


You were on level 8 of the Dungeon.
You worshipped Trog.
Trog was greatly pleased with you.
You were something dangerously unstable.
You visited 1 branch of the dungeon, and saw 8 of its levels.
You also visited: Sewer.

You collected 410 gold pieces.
You spent 276 gold pieces at shops.

Inventory:

Missiles
 h - a throwing net
 m - 16 poisoned darts (quivered)
Armour
 g - a +0 cloak (worn)
 n - a +2 robe of positive energy (melded)
 H - a +0 pair of boots (worn)
Jewellery
 e - a ring of fire
 p - a +4 ring of protection (left hand)
 C - a ring of magical power
Talismans
 a - a blade talisman
 b - a flux talisman (active)
Wands
 i - a wand of roots (12)
 o - a wand of charming (16)
 r - a wand of flame (28)
 x - a wand of polymorph (6)
Scrolls
 f - 3 scrolls of revelation {unknown}
 j - 5 scrolls of teleportation
 k - a scroll of amnesia {unknown}
 l - a scroll of poison
 q - 2 scrolls of vulnerability {unknown}
 s - a scroll of silence
 t - 2 scrolls of noise
 w - 2 scrolls of immolation {unknown}
 y - 2 scrolls of blinking
 z - 2 scrolls of fear {unknown}
 F - a scroll of fog
 G - a scroll of summoning
Potions
 c - 2 potions of lignification {unknown}
 d - a potion of attraction {unknown}
 u - 4 potions of curing
 v - 3 potions of enlightenment {unknown}
 A - a potion of heal wounds
 B - 2 potions of invisibility
 D - 2 potions of might {unknown}
 E - 3 potions of magic {unknown}


   Skills:
 + Level 9.3 Fighting
 - Level 1.3 Armour
 * Level 8.3 Dodging
 * Level 11.6 Unarmed Combat
 + Level 7.5 Shapeshifting


You had 9 spell levels left.
You didn't know any spells.
Your spell library was empty.

Dungeon Overview and Level Annotations

Branches:
Dungeon (8/15)             Temple (0/1) D:4           Sewer (visited)
   Lair: D:8-11

Altars:
Cheibriados
Fedhas
Hepliaklqana
Makhleb
Nemelex Xobeh
Uskayaw
Vehumet
Yredelemnul
Zin

Shops:
D:5 !(?!

Portals:
Abyss: D:6

Annotations:
D:6 2 transporters, Tripartite's ghost, novice FoFi


Innate Abilities, Weirdness & Mutations

You are something dangerously unstable.
You glow with magical radiation, making you easy to see and hit.
Foes you strike become dangerously contaminated with magical radiation.
You are incapable of wielding weapons or throwing items.
((You are very nimble when in or above water. (Stealth+, EV+, Speed+++)))
Your lower body shifts to a powerful aquatic tail in water.


Message History

The tengu warrior hits you with a +1 dire flail!
The tengu warrior barely misses you. x5
You barely miss the rakshasa.
The rakshasa is almost dead.
Unknown command.
You completely miss the tengu warrior.
The tengu warrior is moderately wounded.
The rakshasa weaves an illusion.
The tengu warrior shimmers and seems to become two!
The rakshasa misses you. x2; The tengu warrior closely misses you.
The tengu warrior misses you.
The tengu warrior completely misses you.
You punch the tengu warrior!
The tengu warrior glows dangerously bright.
The tengu warrior is severely wounded.
The tengu warrior hits you with a +1 dire flail!
The tengu warrior pecks you but does no damage.
The tengu warrior claws you.
* * * LOW HITPOINT WARNING * * *
You closely miss the tengu warrior.
The tengu warrior is severely wounded.
The tengu warrior stops glowing. x2; The rakshasa barely misses you.
The rakshasa blinks!
The tengu warrior hits you with a +1 dire flail!
* * * LOW HITPOINT WARNING * * *
The tengu warrior pecks you but does no damage.
The tengu warrior claws you but does no damage.
The tengu warrior hits you with a +1 dire flail!!
* * * LOW HITPOINT WARNING * * *
The tengu warrior pecks you but does no damage.
The tengu warrior closely misses you.
Unknown command.
Unknown command.
You punch the tengu warrior!
You kill the tengu warrior!
The tengu warrior's corpse shimmers and vanishes!
Unknown command.
The rakshasa blinks!
The tengu warrior hits you with a +1 dire flail!
You die...

.#.# #.# #.#
##.##.#.#
...# #.# #.#
#.....#.#
######'##
### ###
#.###.#.#
##...## ..
.. #.# #.#.#
##.....##
R###.
#.###.#.#
##.......##
#...#
#.......#
##.........#
#.R§#
#####..#...#
.+.........#
#R.Q#
#...........
.#.........#
##p##
####.......#
..#.......##
#Q.#
#.#.##..#
#.#......##
##)#
#.#.###.#
....#...##
#.#
#.#.###.#
.#.###+##
#.#
#.#..##.#
##.# #.# #.#
#.##.##.#
...# #.# #.#
##.##.##.#
######.##
#.#
#.........
##.<.## #.#
#........#


You could see 3 rakshasas and 2 tengu warriors.

Vanquished Creatures
  A hydra (D:8)
  Erica (D:8)
  Psyche (D:8)
  A hornet (D:7)
  Sigmund (D:2)
  2 shadows (D:8)
  2 wyverns
  Menkaure (D:4)
  A water moccasin (D:7)
  Duvessa (D:4)
  An orc warrior (D:7)
  A black bear (D:6)
  A sky beast (D:8)
  2 centaurs (D:7)
  A phantom (D:6)
  A weeping skull (D:7)
  2 brain worms (Sewer)
  A bullfrog (D:8)
  A scorpion (D:4)
  A gnoll sergeant (D:6)
  8 wights
  Dowan (D:4)
  2 howler monkeys (D:8)
  4 jellies
  2 bombardier beetles (D:4)
  A gnoll bouda (D:8)
  5 orc priests
  A sleepcap (D:7)
  Crazy Yiuf (D:3)
  2 hounds
  Ijyb (D:5)
  3 iguanas
  3 orc wizards
  Robin (D:3)
  14 adders
  12 gnolls
  11 river rats
  A shadow imp (D:7)
  3 white imps
  4 ufetubi
  2 dart slugs
  2 ribbon worms (D:6)
  24 orcs
  5 ball pythons
  3 bats
  7 endoplasms
  A giant cockroach (D:4)
  20 goblins
  9 hobgoblins
  3 jackals (D:2)
  5 kobolds
  3 quokkas
  3 frilled lizards
  7 rats
  A spectral orc (D:7)
199 creatures vanquished.

Vanquished Creatures (collateral kills)
  2 wights (D:7)
2 creatures vanquished.

Grand Total: 201 creatures vanquished

Notes
Turn   | Place    | Note
-------+----------+-------------------------------------------
     0 | D:1      | Tripartite the Merfolk Berserker began the quest for the
                  | Orb.
     0 | D:1      | Reached XP level 1. HP: 18/18 MP: 1/1
     6 | D:1      | Noticed a servant of whispers
     6 | D:1      | Noticed a basilisk
     7 | D:1      | Noticed a yaktaur captain
   277 | D:1      | Found a faded altar of an unknown god.
   438 | D:1      | Reached XP level 2. HP: 14/24 MP: 2/2
  3415 | D:2      | Reached XP level 3. HP: 28/30 MP: 3/3
  3589 | D:2      | Reached skill level 4 in Unarmed Combat
  3614 | D:2      | Noticed Sigmund
  3653 | D:2      | Killed Sigmund
  3654 | D:2      | Reached skill level 5 in Fighting
  3654 | D:2      | Reached skill level 5 in Unarmed Combat
  3654 | D:2      | Reached XP level 4. HP: 8/39 MP: 4/4
  3654 | D:2      | Reached XP level 5. HP: 9/44 MP: 5/5
  3795 | D:2      | Found a hazy altar of Hepliaklqana.
  4489 | D:3      | Found a radiant altar of Vehumet.
  4499 | D:3      | Reached XP level 6. HP: 51/51 MP: 6/6
  4513 | D:3      | Noticed Robin
  4528 | D:3      | Killed Robin
  4804 | D:3      | Reached ** piety under Trog
  4928 | D:3      | Found a runed translucent door.
  4929 | D:3      | Noticed Crazy Yiuf
  5325 | D:3      | Killed Crazy Yiuf
  5382 | D:4      | Found a snail-covered altar of Cheibriados.
  5615 | D:4      | Noticed Duvessa
  5615 | D:4      | Noticed Dowan
  5646 | D:4      | Killed Duvessa
  5647 | D:4      | Reached XP level 7. HP: 53/57 MP: 7/7
  5653 | D:4      | Killed Dowan
  5654 | D:4      | Reached skill level 6 in Unarmed Combat
  5846 | D:4      | Reached skill level 5 in Dodging
  6093 | D:4      | Noticed Menkaure
  6100 | D:4      | Killed Menkaure
  6222 | D:4      | Found a staircase to the Ecumenical Temple.
  6370 | D:5      | Entered Level 5 of the Dungeon
  6391 | D:5      | Found Gaygah's Distillery.
  6434 | D:5      | Found Mofae's Magic Scroll Shop.
  6538 | D:5      | Noticed Ijyb
  6549 | D:5      | Killed Ijyb
  6550 | D:5      | Reached XP level 8. HP: 18/65 MP: 8/8
  6755 | D:5      | Reached skill level 7 in Unarmed Combat
  7066 | D:5      | Found Xestyal's Armour Emporium.
  7114 | D:5      | Found a glowing silver altar of Zin.
  7227 | D:5      | Found Fosasues's Antique Weapon Emporium.
  7272 | D:5      | Found Zamoadamy's Distillery.
  7435 | D:5      | Bought a potion of curing for 36 gold pieces
  7435 | D:5      | Bought a potion of heal wounds for 60 gold pieces
  7435 | D:5      | Bought a potion of invisibility for 96 gold pieces
  7696 | D:6      | Reached *** piety under Trog
  7709 | D:6      | Found a glowing drain.
  7717 | Sewer    | Entered a sewer
  7913 | Sewer    | Reached skill level 8 in Unarmed Combat
  8255 | D:6      | Found a burning altar of Makhleb.
  8454 | D:6      | Found a transporter.
  8462 | D:6      | Found a one-way gate to the infinite horrors of the Abyss.
  8462 | D:6      | Noticed Tripartite's ghost (novice FoFi)
  8462 | D:6      | Noticed a small abomination
  8469 | D:6      | Noticed a green ugly thing
  8637 | D:6      | Found a transporter.
  8837 | D:6      | Reached XP level 9. HP: 73/75 MP: 9/9
  9116 | D:5      | Bought a scroll of noise for 14 gold pieces
  9116 | D:5      | Bought a scroll of teleportation for 42 gold pieces
  9116 | D:5      | Bought a scroll of identify for 28 gold pieces
  9463 | D:7      | Noticed a hornet
  9481 | D:7      | Killed a hornet
  9482 | D:7      | Reached skill level 9 in Unarmed Combat
  9629 | D:7      | Found a basalt altar of Yredelemnul.
  9645 | D:7      | Reached **** piety under Trog
  9660 | D:7      | Reached skill level 10 in Unarmed Combat
  9961 | D:7      | Reached skill level 11 in Unarmed Combat
 10258 | D:8      | Found a sparkling altar of Nemelex Xobeh.
 10293 | D:8      | Reached skill level 1 in Shapeshifting
 10330 | D:8      | Reached XP level 10. HP: 37/83 MP: 10/10
 10475 | D:8      | Reached skill level 5 in Shapeshifting
 10523 | D:8      | Found a blossoming altar of Fedhas.
 10534 | D:8      | Found a hide-covered altar of Uskayaw.
 10923 | D:8      | Noticed Psyche
 10936 | D:8      | Killed Psyche
 11234 | D:8      | Noticed Erica
 11245 | D:8      | Killed Erica
 11265 | D:8      | Noticed a five-headed hydra
 11468 | D:8      | Noticed a tengu warrior
 11471 | D:8      | Noticed a rakshasa
 11483 | D:8      | Killed a five-headed hydra
 11492 | D:8      | HP: 6/124 [tengu warrior (illusionary)/+1 dire flail (18)]
 11494 | D:8      | Mangled by a tengu warrior (illusionary)

Illustrated notes

Levels and vault maps discovered:
D:1:      onia_arrival_zoo_common, layout_loops_ring, serial_forest,
          infiniplex_forest_end_2, infiniplex_forest_end_3,
          infiniplex_forest_end_2, infiniplex_forest_join,
          infiniplex_forest_straight_3, infiniplex_forest_lined_room_,
          infiniplex_forest_clump_large, infiniplex_forest_lined_4_way,
          infiniplex_forest_fountain, infiniplex_forest_end_1,
          shapermc_ecumenical_altar_acropolis
D:2:      layout_basic, serial_rivers, chequers_serial_rivers_micro_e,
          chequers_serial_rivers_room_a, chequers_serial_rivers_large_b,
          chequers_serial_rivers_large_a, chequers_serial_rivers_micro_e,
          basic_altar, uniq_sigmund
D:3:      corexii_shack_village, layout_basic, vehumet_altar_wand_db,
          minmay_misc_feat_tower, uniq_robin, uniq_crazy_yiuf_cottage
D:4:      layout_cave_pools, overflow_temple_1_default,
          minmay_temple_entry_purple_smoke, uniq_menkaure, uniq_duvessa
D:5:      layout_basic, mainiacjoe_overflow_chevrons, serial_shops, shop,
          nicolae_shop_tiny_statue_garden, shop, shop,
          nicolae_shop_hallway_plus, uniq_ijyb
D:6:      layout_gridville, kennysheep_mini, gammafunk_ghost_abyssal_escape,
          lightli_sewer_entry_pipes, nicolae_titane
D:7:      layout_cave_pools, yredelemnul_forgotten_temple_becter,
          hellmonk_no_cap
D:8:      minmay_blocky_corners, layout_loops_corners,
          nemelex_diamond_rough_becter, jmf_multi_god_temple2, uniq_erica,
          uniq_psyche

Skill      XL: |  1  2  3  4  5  6  7  8  9 10 |
---------------+-------------------------------+-----
Dodging        | 3 4 5 6 7 8 |  8.3
Unarmed Combat | 5 6 8 11 | 11.6
Fighting       | 5 6 8 9 |  9.3
Shapeshifting  | 4 7 |  7.5
Armour         | |  1.3

Action                     |  1- 3 |  4- 6 |  7- 9 | 10-12 || total
---------------------------+-------+-------+-------+-------++-------
  Melee: Unarmed           |  1905 |   137 |   423 |    98 ||  2563
         Punch             |    96 |     4 |    18 |     2 ||   120
         Tailslap          |     1 |       |     6 |       ||     7
 Invoke: Berserk           |       |     2 |     5 |     3 ||    10
         Trog's Hand       |       |       |     1 |     1 ||     2
         Brothers in Arms  |       |       |     1 |       ||     1
    Use: Scroll            |       |       |     8 |       ||     8
         Potion            |       |       |     1 |       ||     1
   Stab: Sleeping          |     2 |     4 |       |       ||     6
 Armour: Animal skin       |    62 |       |       |       ||    62
         Robe              |       |    62 |   208 |    22 ||   292
         Skin              |       |       |       |    34 ||    34
  Dodge: Dodged            |    70 |    68 |   279 |    80 ||   497
   Form: Flux              |       |       |       |     1 ||     1
